 Dungeon Crawl Stone Soup version 0.20-b1-14-g8425815 (webtiles) character file.

255 potatolord6000 the Shield-Bearer (level 6, -1/49 HPs)
             Began as a Formicid Fighter on May 23, 2017.
             Killed by nerve-wracking pain
             ... invoked by Grinder
              (4 damage)
             ... on level 4 of the Dungeon.
             The game lasted 00:09:50 (2588 turns).

potatolord6000 the Shield-Bearer (Formicid Fighter) Turns: 2588, Time: 00:09:50

Health: -1/49      AC:  9    Str: 23    XL:     6   Next: 38%
Magic:  6/6        EV:  8    Int: 12    God:
Gold:   159        SH: 13    Dex: 10    Spells: 5/5 levels left

rFire    . . .     SeeInvis +   a - +1 quarterstaff
rCold    + . .     Gourm    .   p - +3 shield
rNeg     . . .     Faith    +   b - +0 scale mail
rPois    .         Spirit   .   (helmet unavailable)
rElec    .         Reflect  .   (no cloak)
rCorr    .         Harm     .   (no gloves)
MR       .....                  (no boots)
Stlth    ..........             d - amulet of faith
Regen    0.2/turn               r - ring of protection from cold
MPRegen  0.1/turn               (no ring)

@: brilliant
A: permanent stasis, dig shafts and tunnels, four strong arms, antennae 3,
molten scales 1, mutation resistance 1
a: Dig, Shaft Self


You were on level 4 of the Dungeon.
You were very full.

You visited 1 branch of the dungeon, and saw 4 of its levels.

You collected 159 gold pieces.

Inventory:

Hand Weapons
 a - a +1 quarterstaff (weapon)
Armour
 b - a +0 scale mail (worn)
 p - a +3 shield (worn)
Jewellery
 d - an amulet of faith (around neck)
 r - a ring of protection from cold (left hand)
Scrolls
 j - 3 scrolls of identify
Comestibles
 c - 3 fruits
 o - a bread ration
 t - a meat ration


   Skills:
 + Level 4.7 Fighting
 + Level 3.4 Staves
 + Level 4.5 Armour
 + Level 5.0 Shields


You had 5 spell levels left.
You didn't know any spells.

Dungeon Overview and Level Annotations

Branches:
Dungeon (3/15)

Altars:

Annotations:
D:4 Grinder


Innate Abilities, Weirdness & Mutations

You cannot be hasted, slowed, berserked, paralysed or teleported.
You can dig through walls and to a lower floor.
Your four strong arms can wield two-handed weapons with a shield.
You have a pair of large antennae on your head. (SInv)
You are partially covered in molten scales. (AC +2)
You are somewhat resistant to further mutation.


Message History

* * * LOW HITPOINT WARNING * * *
As you read the scroll labeled OPORIRU WOAXONK, it crumbles to dust.
It is a scroll of identify.
n - a scroll of enchant armour Grinder blinks!
As you read the scroll of enchant armour, it crumbles to dust.
Your +2 shield glows green for a moment.
Grinder blinks!
You start resting.
You aren't carrying any potions.
As you read the scroll labeled WEWKIE OHUAV, it crumbles to dust.
You feel blessed for a moment.
It was a scroll of remove curse.
Grinder blinks!
Grinder gestures at you. Pain shoots through your body!
* * * LOW HITPOINT WARNING * * *
Grinder blinks!
Grinder gestures at you. Pain shoots through your body!
You die...

################.#
.........(.......#
#.#..###########.#
.....# #.# .#...#
#.# .....# #.#
.#...# #.# .....#
#.# ..#..# #@#
..#..# #.# ..#..#
#.# .##... #5#
.###.## #.# ..
#ยง# .# #### #.#
#.. #.# #.# #.#


You could see Grinder.

Vanquished Creatures
  The ghost of miragecloak the Changer, an amateur OpTm of Elyvilon (D:3)
  Terence (D:3)
  An iguana (D:4)
  Robin (D:3)
  4 adders
  3 worms
  A leopard gecko (D:2)
  3 giant cockroaches
  17 goblins
  8 hobgoblins
  7 jackals
  A quokka (D:3)
  7 bats
  2 frilled lizards
  8 kobolds
  9 rats
74 creatures vanquished.

Notes
Turn   | Place    | Note
-------+----------+-------------------------------------------
     0 | D:1      | potatolord6000 the Formicid Fighter began the quest for the Orb.
     0 | D:1      | Reached XP level 1. HP: 18/18 MP: 1/1
   209 | D:1      | Reached XP level 2. HP: 24/24 MP: 2/2
   769 | D:2      | Reached skill level 4 in Shields
   769 | D:2      | Reached XP level 3. HP: 24/30 MP: 3/3
  1332 | D:2      | Reached XP level 4. HP: 37/37 MP: 4/4
  1512 | D:2      | You fall through a shaft!
  1517 | D:3      | Noticed Terence
  1527 | D:3      | Killed Terence
  1801 | D:3      | Reached XP level 5. HP: 41/42 MP: 5/5
  1807 | D:3      | Noticed Robin
  1827 | D:3      | Gained mutation: You are weak. (Str -2) [potion of mutation]
  1827 | D:3      | Gained mutation: Your mind is acute. (Int +2) [potion of mutation]
  1828 | D:3      | Lost mutation: You are weak. (Str -2) [potion of mutation]
  1828 | D:3      | Lost mutation: Your mind is acute. (Int +2) [potion of mutation]
  1828 | D:3      | Gained mutation: You are partially covered in molten scales. (AC +2) [potion of mutation]
  1828 | D:3      | Gained mutation: You are somewhat resistant to further mutation. [potion of mutation]
  1844 | D:3      | Killed Robin
  1865 | D:3      | Noticed miragecloak's ghost (amateur OpTm)
  1881 | D:3      | Killed miragecloak's ghost
  1881 | D:3      | Reached skill level 5 in Shields
  1881 | D:3      | Reached XP level 6. HP: 33/49 MP: 6/6
  2457 | D:3      | You fall through a shaft!
  2529 | D:4      | Noticed Grinder
  2588 | D:4      | Killed from afar by Grinder

Skill      XL: |  1  2  3  4  5 |
---------------+----------------+-----
Shields        | 4 5 |  5.0
Fighting       | 4 |  4.7
Armour         | 4 |  4.5
Staves         | 3 |  3.4

Action                   |  1- 3 |  4- 6 || total
-------------------------+-------+-------++-------
Melee: Quarterstaff      |    86 |   182 ||   268
 Abil: Dig               |       |     4 ||     4
       Shaft Self        |       |     2 ||     2
  Use: Potion            |       |    10 ||    10
       Scroll            |       |     6 ||     6
 Stab: Invisible         |       |     4 ||     4
  Eat: Bread ration      |     2 |       ||     2
       Meat ration       |       |     1 ||     1
Armor: Scale mail        |    80 |   119 ||   199
Dodge: Dodged            |    40 |   124 ||   164
Block: Shield            |    83 |   199 ||   282
